 Dungeon Crawl Stone Soup version 0.28-a0-1339-ga5422284a4 (webtiles) character file.

Game seed: 11647360494277056507

791787 Turgor the Slayer (level 27, -23/306 HPs)
             Began as a Demonspawn Abyssal Knight on Dec 25, 2021.
             Was the Champion of Lugonu.
             Annihilated by Cerebov (47 damage)
             ... in Pandemonium on Dec 28, 2021.
             The game lasted 15:00:14 (86368 turns).

Turgor the Slayer (Demonspawn Abyssal Knight)      Turns: 86368, Time: 15:00:15

Health: -23/306    AC: 37    Str: 34    XL:     27
Magic:  33/38      EV: 12    Int: 24    God:    Lugonu [******]
Gold:   5425       SH: 12    Dex: 10    Spells: 9/49 levels left

rFire   + + .      SeeInvis +   w - +9 broad axe (vorpal)
rCold   + + +      Faith    .   V - +0 kite shield of Fiffyver {rPois Int+3}
rNeg    + + .      Spirit   .   (armour currently unavailable)
rPois   ∞          Reflect  .   T - +0 helmet "Plog" {rN+}
rElec   +          Harm     .   U - +2 cloak "Coluh" {+Inv rC+ Regen+ Dex-5}
rCorr   +          Rampage  .   (gloves unavailable)
Will    +++..      Rage     1%  (boots currently unavailable)
Stlth   ..........              A - amulet of regeneration
HPRegen 2.21/turn               E - ring of Elitism {rF+ Will+ Str+4 Int+3 SInv}
MPRegen 0.26/turn               R - ring "Oho Otos" {rF+ rC+ rCorr Str+10 Stlth-}

@: statue-form, resistant, fire vulnerable, hasted, studying Transmutations
A: slow and powerful, torment resistance 1, boosted hp, icemail 2, spiny 3,
augmentation 3, (sanguine armour 3), condensation shield, demonic touch 3,
hooves 1, berserk 1, poison resistance, subdued magic 1, MP-powered wands,
sturdy frame 1
}: 7/15 runes: decaying, slimy, silver, abyssal, demonic, glowing, gossamer
a: End Transformation, Renounce Religion, Evoke Invisibility, Depart the Abyss,
Bend Space, Banish, Corrupt, Enter the Abyss


You were in Pandemonium.
You worshipped Lugonu.
Lugonu was exalted by your worship.
You were a living statue of rough stone.
You visited 12 branches of the dungeon, and saw 56 of its levels.
You visited Pandemonium 1 time, and saw 11 of its levels.
You visited the Abyss 3 times.
You also visited: Gauntlet and Desolation.

You collected 9820 gold pieces.
You spent 4395 gold pieces at shops.

Inventory:

Hand Weapons
 i - the +18 lance "Wyrmbane" {slay drac, rPois rF+ rC+ AC+3}
   (You found it in a Gauntlet)

   It inflicts extra damage against dragons and draconians.
   AC:        It affects your AC (+3).
   rF:        It protects you from fire.
   rC:        It protects you from cold.
   rPois:     It protects you from poison.
 s - the +4 fustibalus "Odizxa" {freeze, rC+}
   (You found it on level 3 of the Elven Halls)

   Any ammunition fired from it freezes those it strikes, dealing additional
   cold damage.
   It can also slow down cold-blooded creatures.
   rC:        It protects you from cold.
 w - a +9 vorpal broad axe (weapon)
 H - the +10 arbalest of Fuwih {elec, Str+8}
   (You found it in Pandemonium)

   Any ammunition fired from it occasionally discharges a powerful burst of
   electricity upon striking a foe.
   Str:       It affects your strength (+8).
 Y - the +8 hand axe "Goblinslayer" {chaos, rElec}
   (You found it on level 3 of the Elven Halls)

   Each time it hits an enemy it has a different, random effect.
   rElec:     It insulates you from electricity.
Missiles
 m - 248 sling bullets
 D - 19 silver javelins (quivered)
 S - 5 throwing nets
Armour
 p - +9 ice dragon scales (melded)
 K - a +2 pair of boots of flying (melded)
 T - the +0 helmet "Plog" (worn) {rN+}
   (You found it in a Gauntlet)

   rN:        It protects you from negative energy.
 U - the +2 cloak "Coluh" (worn) {+Inv rC+ Regen+ Dex-5}
   (You found it on level 3 of the Elven Halls)

   Dex:       It affects your dexterity (-5).
   rC:        It protects you from cold.
   +Inv:      It lets you turn invisible.
   Regen:     It increases your rate of health regeneration.
 V - the +0 kite shield of Fiffyver (worn) {rPois Int+3}
   (You found it in a Gauntlet)

   Int:       It affects your intelligence (+3).
   rPois:     It protects you from poison.
Jewellery
 A - an amulet of regeneration (around neck)
 E - the ring of Elitism (left fist) {rF+ Will+ Str+4 Int+3 SInv}
   (You bought it in a shop on level 15 of the Dungeon)

   [ring of protection from fire]

   Str:       It affects your strength (+4).
   Int:       It affects your intelligence (+3).
   rF:        It protects you from fire.
   SInv:      It lets you see invisible.
   Will:      It increases your willpower.
 F - a +4 ring of slaying
 R - the ring "Oho Otos" (right fist) {rF+ rC+ rCorr Str+10 Stlth-}
   (You acquired it on level 4 of the Vaults)

   [ring of protection from cold]

   Str:       It affects your strength (+10).
   rF:        It protects you from fire.
   rC:        It protects you from cold.
   rCorr:     It protects you from acid and corrosion.
   Stlth:     It makes you less stealthy.
Wands
 j - a wand of iceblast (19)
 r - a wand of charming (7)
 t - a wand of polymorph (26)
 x - a wand of paralysis (11)
 C - a wand of mindburst (5)
 O - a wand of acid (17)
 Q - a wand of digging (9)
Scrolls
 b - a scroll of brand weapon
 k - 17 scrolls of teleportation
 o - 8 scrolls of fog
 v - 7 scrolls of amnesia
 z - 5 scrolls of blinking
 G - 6 scrolls of summoning
 I - 11 scrolls of fear
 N - 4 scrolls of magic mapping
 X - a scroll of enchant armour
 Z - 10 scrolls of silence
Potions
 a - 3 potions of ambrosia
 c - 5 potions of invisibility
 d - 5 potions of haste
 e - 12 potions of cancellation
 f - 10 potions of brilliance
 g - 3 potions of heal wounds
 l - 18 potions of curing
 n - 7 potions of mutation
 u - 8 potions of might
 B - 10 potions of resistance
 J - 4 potions of berserk rage
 L - 5 potions of magic
Miscellaneous
 h - a box of beasts
 q - a condenser vane (inert)
 y - a tin of tremorstones (2/2)
 M - a phial of floods
 P - a phantom mirror (inert)
 W - a lightning rod (4/4)


   Skills:
 + Level 23.4 Fighting
 - Level 18.4 Axes
 - Level 14.0(15.0) Slings
 * Level 9.1(12.7) Throwing
 + Level 19.3 Armour
 - Level 4.0 Dodging
 - Level 15.4 Shields
 * Level 14.4 Unarmed Combat
 - Level 11.9 Spellcasting
 - Level 13.2 Necromancy
 - Level 16.7 Transmutations
 - Level 15.7 Earth Magic
 - Level 13.0 Invocations
 - Level 13.0 Evocations


You had 9 spell levels left.
You knew the following spells:

 Your Spells              Type           Power      Damage    Failure   Level
a - Apportation           Tloc           22%        N/A       3%          1
b - Corpse Rot            Necr/Air       70%        N/A       1%          2
c - Portal Projectile     Hex/Tloc       22%        N/A       11%         3
d - Necromutation         Tmut/Necr      30%        N/A       47%         8
f - Borgnjor's Vile Clut  Necr/Erth      29%        N/A       1%          5
h - Passwall              Tmut/Erth      52%        N/A       0%          2
i - Sublimation of Blood  Necr           56%        N/A       0%          2
j - Petrify               Tmut/Erth      63%        N/A       1%          4
k - Manifold Assault      Tloc           11%        N/A       73%         5
s - Statue Form           Tmut/Erth      42%        N/A       1%          6
w - Wereblood             Tmut           64%        N/A       0%          2

Your spell library contained the following spells:

 Spells                   Type           Power      Damage    Failure   Level
 Animate Skeleton         Necr           100%       N/A       0%          1
 Beastly Appendage        Tmut           100%       N/A       0%          1
 Pain                     Necr           100%       1d9       0%          1
 Ignite Poison            Fire/Tmut/Pois 31%        N/A       1%          3
 Spider Form              Tmut/Pois      41%        N/A       1%          3
 Stone Arrow              Conj/Erth      80%        3d12      1%          3
 Vampiric Draining        Necr           56%        2d10      1%          3
 Animate Armour           Summ/Erth      80%        N/A       1%          4
 Animate Dead             Necr           28%        N/A       1%          4
 Dispel Undead            Necr           56%        3d20      1%          4
 Ice Form                 Ice/Tmut       41%        N/A       1%          4
 Leda's Liquefaction      Hex/Erth       20%        N/A       1%          4
 Blade Hands              Tmut           32%        N/A       1%          5
 Lee's Rapid Deconstruct  Erth           31%        3d17*     1%          5
 Irradiate                Conj/Tmut      20%        3d20      2%          5
 Death Channel            Necr           28%        N/A       2%          6
 Dragon Form              Tmut           32%        N/A       2%          7
 Foxfire                  Conj/Fire      44%        2x1d6     3%          1
 Magic Dart               Conj           44%        1d5       3%          1
 Shock                    Conj/Air       44%        1d5       3%          1
 Slow                     Hex            44%        N/A       3%          1
 Summon Small Mammal      Summ           44%        N/A       3%          1
 Blink                    Tloc           22%        N/A       5%          2
 Ensorcelled Hibernation  Hex/Ice        22%        N/A       5%          2
 Poisonous Vapours        Pois/Air       22%        N/A       5%          2
 Searing Ray              Conj           22%        2d5       5%          2
 Static Discharge         Conj/Air       11%        N/A       5%          2
 Call Canine Familiar     Summ           11%        N/A       11%         3
 Confusing Touch          Hex            11%        N/A       11%         3
 Conjure Flame            Conj/Fire      11%        6-21      11%         3
 Dazzling Flash           Conj/Hex       22%        N/A       11%         3
 Frozen Ramparts          Ice            22%        1d4       11%         3
 Gell's Gravitas          Tloc           11%        N/A       11%         3
 Inner Flame              Hex/Fire       11%        N/A       11%         3
 Lesser Beckoning         Tloc           11%        N/A       11%         3
 Ozocubu's Armour         Ice            11%        N/A       11%         3
 Summon Guardian Golem    Hex/Summ       11%        N/A       11%         3
 Swiftness                Air            11%        N/A       11%         3
 Teleport Other           Tloc           11%        N/A       11%         3
 Tukima's Dance           Hex            11%        N/A       11%         3
 Eringya's Noxious Bog    Tmut/Pois      20%        N/A       19%         6
 Iron Shot                Conj/Erth      20%        9d5       22%         6
 Airstrike                Air            5%         N/A       36%         4
 Cause Fear               Hex            5%         N/A       36%         4
 Flame Wave               Conj/Fire      11%        2d5       36%         4
 Fulminant Prism          Conj/Hex       5%         3d7       36%         4
 Hailstorm                Conj/Ice       11%        3d5       36%         4
 Iskenderun's Mystic Bla  Conj/Tloc      11%        2d4       36%         4
 Olgreb's Toxic Radiance  Pois           11%        N/A       36%         4
 Passage of Golubria      Tloc           11%        N/A       36%         4
 Summon Ice Beast         Ice/Summ       11%        N/A       36%         4
 Summon Lightning Spire   Summ/Air       11%        N/A       36%         4
 Simulacrum               Ice/Necr       17%        N/A       36%         6
 Storm Form               Tmut/Air       20%        N/A       71%         7
 Fireball                 Conj/Fire      5%         3d5       73%         5
 Iskenderun's Battlesphe  Conj           11%        2d7       73%         5
 Lightning Bolt           Conj/Air       5%         1d17      73%         5
 Metabolic Englaciation   Hex/Ice        5%         N/A       73%         5
 Silence                  Hex/Air        5%         N/A       73%         5
 Summon Forest            Summ/Tloc      5%         N/A       73%         5
 Borgnjor's Revivificati  Necr           28%        N/A       73%         8
 Haunt                    Necr/Summ      17%        N/A       92%         7
 Dispersal                Tloc           5%         N/A       99%         6
 Starburst                Conj/Fire      5%         6d4       99%         6
 Enfeeble                 Hex            5%         N/A       100%        7
 Malign Gateway           Summ/Tloc      5%         N/A       100%        7
 Ozocubu's Refrigeration  Ice            5%         4d6       100%        7
 Summon Hydra             Summ           5%         N/A       100%        7
 Disjunction              Tloc           5%         N/A       100%        8
 Ignition                 Fire           5%         3d4       100%        8
 Lehudib's Crystal Spear  Conj/Erth      20%        10d6      100%        8
 Maxwell's Capacitive Co  Air            5%         ∞         100%        8
 Summon Horrible Things   Summ           5%         N/A       100%        8
 Death's Door             Necr           28%        N/A       100%        9
 Dragon's Call            Summ           5%         N/A       100%        9
 Fire Storm               Conj/Fire      5%         8d2       100%        9


Dungeon Overview and Level Annotations

Branches:
Dungeon (15/15)            Temple (0/1) D:6            Lair (6/6) D:11
  Swamp (4/4) Lair:3       Spider (4/4) Lair:2        Slime (5/5) Lair:5
    Orc (2/2) D:11            Elf (3/3) Orc:2        Vaults (5/5) D:14
  Crypt (3/3) Vaults:2       Tomb (0/3) Crypt:3      Depths (4/4) D:15
   Hell (visited)             Dis (0/7) Hell            Geh (0/7) Hell
    Coc (0/7) Hell            Tar (0/7) Hell            Zot (4/5) Depths:4
Desolation (visited)      Gauntlet (visited)

Altars:
Dithmenos
Elyvilon
Hepliaklqana
Kikubaaqudgha
Qazlal
Trog
Vehumet
Yredelemnul
Zin
Beogh
Jiyva

Shops:
D:4 *   D:10 !   D:11 *   D:15 =(=[[   Orc:2 *?*!   Elf:1 [   Vaults:2 (
Depths:2 =?   Depths:3 :=:

Portals:
Hell: Depths:1 Depths:2 Depths:3 Depths:4
Pandemonium: Depths:2
Ziggurat: Depths:2

Annotations:
Zot:2 1 runed translucent door, Pecymuun's ghost, legendary DrCj
Pan Cerebov


Innate Abilities, Weirdness & Mutations

You are a living statue of rough stone.
Your actions are slow, but your melee attacks are powerful.
You are resistant to unholy torment.
Your maximum health is greatly increased.
Your equipment is partially melded.
A meltable icy envelope protects you from harm. (AC +0)
You are completely covered in sharp spines.
Your magical and physical power is greatly enhanced at high health.
((When seriously injured, your blood forms very thick armour. (AC +0)))
A meltable shield of frost defends you. (SH +0)
Your touch may irresistibly damage your foes and sap their willpower.
You have large cloven feet.
You tend to lose your temper in combat.
Your system is resistant to poisons. (rPois)
Your spells are a little easier to cast, but a little less powerful.
You expend magic power (3 MP) to strengthen your wands.
Your movements are slightly less encumbered by armour. (ER -2)


Message History

Lugonu accepts your kill.
You hit Cerebov. Your kick misses Cerebov.
Cerebov is severely wounded.
Cerebov hits you with the +6 sword of Cerebov {flame}!!!
The sword of Cerebov burns away your fire resistance.
You block Cerebov's attack.
Unknown command.
You hit Cerebov but do no damage. You kick Cerebov, but do no damage.
Cerebov is severely wounded.
Cerebov is struck by your spines.
Cerebov hits you with the +6 sword of Cerebov {flame}!!
* * * LOW HITPOINT WARNING * * *
Cerebov burns you.
* * * LOW HITPOINT WARNING * * *
You barely miss Cerebov. You kick Cerebov, but do no damage.
Cerebov is severely wounded.
Cerebov is struck by your spines.
Cerebov hits you with the +6 sword of Cerebov {flame}.
* * * LOW HITPOINT WARNING * * *
Unknown command.
You hit Cerebov.
Cerebov is severely wounded.
You block Cerebov's attack.
You slice Cerebov!! You kick Cerebov.
Cerebov is severely wounded.
Cerebov hits you but does no damage.
Press: ? - help, v - describe, . - travel
Here: Cerebov, wielding the +6 sword of Cerebov {flame} (severely wounded, fast)
The floor.
Unknown command.
Clouds of flame condense around you!
The condenser dries out!
Cerebov gestures at you. The iron shot hits you!!!
* * * LOW HITPOINT WARNING * * *
Unknown command.
You closely miss Cerebov. You kick Cerebov, but do no damage.
Cerebov is severely wounded.
Cerebov is struck by your spines.
Cerebov hits you with the +6 sword of Cerebov {flame}!!!
You die...

,,,,,,,,,,,,,,,,,,,,,,,,,,,,,,,,,
,,,***,,,,,,,,,,,,,,,,,,,,,,,,,,,
,*,* *,,,,,,,,,,,,,,,,,,,,,*****,
,,,* *,**,,**,,**,,**,,**,,*,,,*,
,***************************,,,*,
,***,,,,,,,,,,,,,,,,,,,,,,,*,,,*,
,.,*,*********************,+****,
$###+###################**,,,**,,
.#.......#..)...8§§.....,***,*,,,
...#.#.#.#..#####&§...##****,**,,
.........#..#,,,*#§''##,,,**,**,,
.......#.#..#,,,,*...#,°,,**,*,,,
.........#..#,,,,,,....,,,**,**,,
.......#.#..#,,,,,,.....,,**,**,,
.........'..#,,,,,,°....,,**,*,,,
.......#.####+**,,,,...#*+**,**,,
.........#,,*,,*,*,,,*,*,,**,**,,


You could see Cerebov (fast).

Vanquished Creatures
  the Royal Jelly (Slime:5)
  Mnoleg (Pan)
  2 dread liches
  3 ancient liches
  Mennas (Pan)
  A juggernaut (Depths:2)
  Boris (Crypt:3)
  A Killer Klown (Zot:4)
  Margery (Crypt:2)
  the Lernaean hydra (Swamp:4)
  3 caustic shrikes (Depths:4)
  Xtahua (Depths:2)
  Saint Roka (Crypt:3)
  Geryon (Hell)
  6 golden dragons
  A curse toe (Zot:2)
  Jory (Depths:4)
  4 bone dragons
  Nikola (Swamp:4)
  Arachne (Spider:2)
  9 pandemonium lords (Pan)
  6 Brimstone Fiends (Pan)
  6 Tzitzimimeh (Pan)
  5 electric golems
  4 Hell Sentinels
  7 Ice Fiends (Pan)
  A walking crystal tome (Depths:2)
  13 tentacled monstrosities
  Asterion (Spider:1)
  4 liches
  6 titans (Vaults:5)
  5 deep elf blademasters
  21 acid blobs
  4 deep elf master archers (Elf:3)
  Murray (Depths:1)
  6 quicksilver dragons
  2 ancient champions
  7 tengu reavers
  10 Executioners (Pan)
  6 death cobs
  3 tentacled starspawn
  9 sphinxes
  Agnes (Elf:2)
  Donald (Spider:4)
  10 storm dragons
  11 shadow dragons
  2 draconian monks
  8 fire giants
  14 azure jellies
  5 demonspawn warmongers (Pan)
  10 rockslimes
  2 orc warlords
  2 revenants
  Aizul (Swamp:4)
  The ghost of Iveip the Metallomancer, a journeyman DDNe of Makhleb (Swamp:3)
  14 cacodemons
  A fenstrider witch (Swamp:2)
  5 frost giants
  8 emperor scorpions
  35 balrugs
  14 ghost moths
  2 iron dragons
  3 draconian knights
  An imperial myrmidon (Desolation)
  2 curse skulls
  19 vault wardens
  4 deep elf sorcerers
  3 draconian scorchers
  3 deep elf elementalists (Elf:3)
  2 demonspawn blood saints (Pan)
  An angel (Pan)
  34 very ugly things
  A juggernaut zombie (Abyss:1)
  3 ghouls (Crypt:1)
  25 reapers
  3 draconian shifters
  16 ironbound preservers
  A draconian annihilator (Zot:4)
  2 draconian stormcallers
  9 demonspawn corrupters (Pan)
  A juggernaut skeleton (Crypt:3)
  3 war gargoyles (Crypt:3)
  5 spriggan defenders
  6 quicksilver oozes
  14 stone giants
  5 lorocyprocas (Pan)
  6 green draconians
  5 black draconians
  6 deep elf demonologists
  6 red draconians
  A wendigo (Hell)
  A putrid mouth (Hell)
  5 eleionomae
  8 yellow draconians
  4 ironbound thunderhulks
  9 vampire knights
  4 demonspawn black suns (Pan)
  6 purple draconians
  9 dire elephants
  7 deep elf annihilators
  6 entropy weavers
  17 spark wasps
  2 minotaurs
  An iron golem (Depths:1)
  9 bunyips
  6 white draconians
  3 halazid warlocks
  11 blizzard demons
  7 green deaths (Pan)
  5 eidola (Crypt:2)
  10 ettins
  5 crystal guardians
  8 deep elf death magi
  A merfolk javelineer (Depths:2)
  2 jiangshi (Crypt:3)
  8 ragged hierophants (Desolation)
  A shambling mangrove (Swamp:3)
  A spriggan zombie (Crypt:3)
  3 deep elf high priests
  19 yaktaur captains
  36 vault guards
  14 great orbs of eyes
  9 fire dragons
  7 ice dragons
  5 peacekeepers
  2 rakshasas
  5 boulder beetles
  29 hydras
  6 hell beasts
  9 ironbound frosthearts
  A caustic shrike simulacrum (Crypt:1)
  3 spriggan air magi
  An ogre mage (Orc:2)
  4 ghost crabs
  A spriggan skeleton (Crypt:1)
  8 servants of whispers (Desolation)
  A naga warrior (Abyss:1)
  25 centaur warriors
  3 catoblepae
  11 alligators
  A death knight (Crypt:2)
  24 dancing weapons
  16 two-headed ogres
  8 death yaks
  4 deep troll shamans
  8 death scarabs (Spider:4)
  3 deep troll earth magi
  6 vampire magi
  16 hell hogs
  5 spriggan berserkers
  4 tengu warriors
  2 orc high priests
  5 thrashing horrors (Abyss:1)
  36 soul eaters
  87 sun demons
  23 deep elf knights
  A storm dragon zombie (Crypt:1)
  24 hell knights
  6 iron trolls
  4 shadow wraiths
  26 skeletal warriors
  A storm dragon skeleton (Crypt:3)
  5 wretched stars
  20 sixfirhies
  11 shadow demons
  4 glowing orange brains
  A cherub (Pan)
  A bunyip zombie (Crypt:1)
  5 flayed ghosts
  A goliath frog (Swamp:1)
  4 bog bodies
  5 spriggan druids
  14 wizards
  An orange crystal statue (Depths:1)
  4 harpies (Vaults:1)
  12 phantasmal warriors
  43 deep trolls
  9 lindwurms
  7 necromancers
  2 wolf spider zombies (Spider:4)
  22 ironbound convokers
  4 orc knights (Vaults:3)
  18 deep elf archers
  39 deep elf pyromancers
  18 swamp dragons
  Pikel (D:6)
  24 deep elf zephyrmancers
  A spectral wolf spider (Spider:4)
  2 oklob plants (Lair:4)
  5 will-o-the-wisps
  51 ugly things
  2 shining eyes
  25 wolf spiders
  17 orb spiders
  117 slime creatures
  6 orc sorcerers
  A frost giant zombie (Crypt:1)
  12 elephants
  2 cyclopes
  A salamander (Abyss:1)
  3 manticores
  7 black mambas
  20 moths of wrath
  A stone giant skeleton (Crypt:3)
  An elephant (shapeshifter) (Vaults:5)
  8 rust devils
  4 worldbinders (Abyss:1)
  A water nymph (Swamp:4)
  A dire elephant zombie (Crypt:1)
  60 smoke demons
  10 vault sentinels
  Joseph (D:8)
  Maurice (D:10)
  4 gargoyles (Crypt:3)
  An eye of devastation (Depths:3)
  9 fire giant skeletons (Crypt:3)
  7 guardian serpents
  15 cane toads
  A cane toad (shapeshifter) (Depths:2)
  2 naga skeletons (Crypt:3)
  3 torpor snails
  2 minotaur zombies (Gauntlet)
  6 molten gargoyles
  An alligator snapping turtle zombie (Abyss:1)
  12 hellions
  16 orange demons
  2 spectral redbacks (Spider:4)
  32 demonic crawlers
  2 unseen horrors
  14 komodo dragons
  8 hellwings (Pan)
  2 tengu conjurers (Depths:2)
  3 efreet
  3 redback zombies
  A rime drake (Lair:4)
  5 freezing wraiths
  34 yaktaurs
  5 ancient zymes (Abyss:1)
  8 tormentors (Pan)
  2 ice devils
  36 jumping spiders
  2 queen bees
  A troll (shapeshifter) (Elf:3)
  A harpy zombie (Crypt:1)
  A hydra zombie (Crypt:3)
  9 red devils
  11 trolls
  A wind drake (shapeshifter) (D:13)
  22 hornets
  A shadow dragon simulacrum (Hell)
  A bloated husk (Swamp:1)
  14 tyrant leeches
  4 harpy skeletons
  2 polar bears (Lair:6)
  6 meliai
  3 spectral jumping spiders (Spider:4)
  6 raiju
  3 jumping spider zombies (Spider:4)
  A boulder beetle zombie (Crypt:1)
  71 saltlings (Desolation)
  23 blink frogs
  48 large abominations
  4 spectral tarantellas (Spider:4)
  A dream sheep (shapeshifter) (Elf:2)
  An ettin zombie (Crypt:1)
  An alligator zombie (Crypt:2)
  An ice dragon skeleton (Abyss:1)
  2 air elementals
  61 redbacks
  27 starcursed masses (Abyss:1)
  2 centaur simulacra
  2 water elementals
  33 tarantellas
  17 flying skulls
  36 ynoxinuls
  Sigmund (D:4)
  5 wyverns
  7 fire dragon skeletons (Crypt:3)
  14 wraiths
  3 shadows
  8 vampires
  13 spriggans
  4 fire elementals
  47 yaks
  2 steam dragons (D:7)
  10 golden eyes
  14 vampire mosquitoes
  5 basilisks
  23 neqoxecs
  16 small abominations
  39 chaos spawn
  4 wargs
  A naga (Abyss:1)
  17 swamp worms
  A naga zombie (Crypt:3)
  An acid dragon (D:12)
  23 water moccasins
  2 floating eyes
  2 hell hounds (Hell)
  32 orc warriors
  12 swamp drakes
  2 ice beasts
  4 necrophages
  23 ogres
  43 wolves
  5 boggarts
  A black bear (Lair:6)
  8 centaurs
  A lemure (D:6)
  A swamp dragon skeleton (Crypt:2)
  A torpor snail zombie (Crypt:1)
  A rime drake skeleton (Crypt:2)
  2 kobold brigands
  7 earth elementals
  Blork the orc (D:4)
  2 gnoll sergeants (D:7)
  A wyvern zombie (Crypt:1)
  13 bullfrogs
  3 scorpions
  A wyvern skeleton (Crypt:1)
  A yak zombie (Crypt:1)
  6 killer bees
  9 howler monkeys
  6 wights
  2 electric eels (D:11)
  A crimson imp (Pan)
  3 quasits (Abyss:1)
  3 centaur zombies
  4 centaur skeletons
  3 hounds
  18 orc priests
  Natasha (thrice) (D:4)
  2 gnoll shamans
  2 jellies (Gauntlet)
  Jessica (D:2)
  2 iguanas
  An iron imp (Abyss:1)
  21 orc wizards
  4 hell rats (Lair:6)
  A lightning spire (Gauntlet)
  A dwarf skeleton (Crypt:2)
  A hound skeleton (D:4)
  16 gnolls
  3 adders
  A howler monkey skeleton (D:5)
  2 shadow imps
  5 white imps
  An ufetubus (D:4)
  2 worms
  A barachi zombie (Crypt:1)
  3 dart slugs
  89 orcs
  9 ball pythons
  7 endoplasms
  2 giant cockroaches
  A gnoll zombie (Crypt:2)
  8 goblins
  6 hobgoblins
  7 jackals
  4 quokkas
  8 bats
  2 frilled lizards
  13 kobolds
  A quokka skeleton (D:4)
  2 rats
  A river rat skeleton (Crypt:1)
  5 starspawn tentacles
3184 creatures vanquished.

Vanquished Creatures (collateral kills)
  A spriggan zombie (Crypt:1)
  A sun demon (Pan)
  A shadow demon (Pan)
  A demonic crawler (Pan)
  A harpy skeleton (Crypt:1)
  A ynoxinul (Pan)
6 creatures vanquished.

Vanquished Creatures (others)
  An eldritch tentacle (Pan)
  A balrug (Pan)
  A war gargoyle (Vaults:5)
  A demonspawn blood saint (Pan)
  A white draconian (Zot:2)
  A deep elf knight (Elf:2)
  A fenstrider witch simulacrum (Hell)
  2 deep elf pyromancers
  A smoke demon (Depths:1)
  A hellwing (Pan)
  An iron dragon simulacrum (Hell)
  A ynoxinul (Pan)
  A chaos spawn (Pan)
  2 hell hounds (Hell)
  2 small abominations (Abyss:1)
  2 fire vortices (Pan)
  32 foxfires
  38 fungi
  83 plants
  3 starspawn tentacles
  9 withered plants (Crypt:3)
185 creatures vanquished.

Grand Total: 3375 creatures vanquished

Notes
Turn   | Place    | Note
-------+----------+-------------------------------------------
     0 | Abyss:1  | Turgor the Demonspawn Abyssal Knight began the quest for
                  | the Orb.
     0 | Abyss:1  | Reached XP level 1. HP: 18/18 MP: 2/2
   130 | Abyss:1  | Found a corrupted altar of Lugonu.
   165 | D:1      | Escaped the Abyss
   230 | D:1      | Found a faded altar of an unknown god.
   531 | D:1      | Gained mutation: A meltable shield of frost defends you.
                  | (SH +0) [demonic ancestry]
   531 | D:1      | Reached XP level 2. HP: 6/24 MP: 4/4
  1036 | D:1      | Reached ** piety under Lugonu
  1340 | D:2      | Noticed Jessica
  1346 | D:1      | Reached XP level 3. HP: 25/29 MP: 5/5
  1397 | D:2      | You fall into a shaft and drop 1 floor!
  1414 | D:3      | Noticed an ogre
  1860 | D:3      | Noticed an ogre
  1887 | D:3      | Killed an ogre
  1888 | D:3      | Reached skill level 4 in Fighting
  1888 | D:3      | Reached XP level 4. HP: 24/37 MP: 1/6
  2055 | D:3      | Killed an ogre
  2056 | D:3      | Gained mutation: Your touch may inflict minor irresistible
                  | damage on your foes. [demonic ancestry]
  2056 | D:3      | Reached XP level 5. HP: 17/42 MP: 3/7
  2815 | D:2      | Killed Jessica
  3069 | D:2      | Reached XP level 6. HP: 49/49 MP: 8/8
  3073 | D:2      | Reached *** piety under Lugonu
  3283 | D:4      | Reached skill level 5 in Axes
  3666 | D:4      | Found Zin's Purification Station.
  4195 | D:4      | Reached skill level 5 in Fighting
  4317 | D:3      | Gained mutation: Your touch may inflict irresistible damage
                  | on your foes. [demonic ancestry]
  4317 | D:3      | Reached XP level 7. HP: 44/56 MP: 9/9
  4534 | D:4      | Noticed Sigmund
  4551 | D:4      | Killed Sigmund
  4572 | D:4      | Noticed Natasha
  4579 | D:4      | Killed Natasha
  4743 | D:4      | Noticed Natasha
  4752 | D:4      | Killed Natasha
  4879 | D:4      | Noticed Natasha
  4899 | D:4      | Killed Natasha
  5139 | D:4      | Noticed Blork the orc
  5145 | D:4      | Killed Blork the orc
  5285 | D:5      | Entered Level 5 of the Dungeon
  5389 | D:5      | Reached skill level 6 in Fighting
  5389 | D:5      | Gained mutation: You are partially covered in sharp spines.
                  | [demonic ancestry]
  5389 | D:5      | Reached XP level 8. HP: 57/64 MP: 10/10
  5527 | D:5      | Reached **** piety under Lugonu
  5563 | D:5      | Reached skill level 1 in Shields
  6097 | D:6      | Found a staircase to the Ecumenical Temple.
  6289 | D:6      | Noticed Pikel
  6300 | D:6      | Killed Pikel
  6301 | D:6      | Reached skill level 7 in Fighting
  6301 | D:6      | Reached XP level 9. HP: 66/72 MP: 11/11
  6906 | D:7      | Reached ***** piety under Lugonu
  6955 | D:7      | Found a bloodstained altar of Trog.
  7572 | D:8      | Reached skill level 8 in Fighting
  7670 | D:8      | Noticed Joseph
  7816 | D:8      | Killed Joseph
  7817 | D:8      | Reached skill level 10 in Axes
  7892 | D:8      | Noticed a two-headed ogre
  7940 | D:8      | Killed a two-headed ogre
  7941 | D:8      | Gained mutation: When seriously injured, your blood forms
                  | armour. (AC +0) [demonic ancestry]
  7941 | D:8      | Reached XP level 10. HP: 81/82 MP: 9/12
  8408 | D:9      | Noticed a two-headed ogre
  8437 | D:9      | Killed a two-headed ogre
  8511 | D:9      | Reached skill level 9 in Fighting
  8742 | D:9      | Found a faded altar of an unknown god.
  8742 | D:9      | Found a stormy altar of Qazlal.
  8753 | D:9      | Found a faded altar of an unknown god.
  8755 | D:9      | Found a basalt altar of Yredelemnul.
  8931 | D:10     | Entered Level 10 of the Dungeon
  9098 | D:10     | Noticed Maurice
  9102 | D:10     | Noticed a two-headed ogre
  9119 | D:10     | Killed Maurice
  9144 | D:10     | Killed a two-headed ogre
  9247 | D:10     | Found a shadowy altar of Dithmenos.
  9309 | D:10     | Found Kotireuth's Distillery.
  9312 | D:10     | Bought a potion of heal wounds for 65 gold pieces
  9377 | D:10     | Reached skill level 5 in Invocations
  9400 | D:10     | Gained mutation: A meltable icy envelope protects you from
                  | harm. (AC +0) [demonic ancestry]
  9400 | D:10     | Reached XP level 11. HP: 77/89 MP: 14/14
  9703 | D:10     | Noticed a two-headed ogre
  9741 | D:10     | Killed a two-headed ogre
 10144 | D:11     | Found Paer's Assorted Antiques.
 10152 | D:11     | Bought a scroll labelled OXTEQET JOAGEC for 27 gold pieces
 10152 | D:11     | Bought a scroll of identify for 54 gold pieces
 10152 | D:11     | Bought 2 bubbling purple potions for 48 gold pieces
 10201 | D:11     | Reached skill level 10 in Fighting
 10334 | D:11     | Found a staircase to the Lair.
 10670 | D:11     | Noticed a boulder beetle
 10697 | D:11     | Killed a boulder beetle
 10900 | D:11     | Noticed a deep elf pyromancer
 10914 | D:11     | Killed a deep elf pyromancer
 11070 | D:11     | Found a staircase to the Orcish Mines.
 11408 | D:12     | Noticed a two-headed ogre
 11438 | D:12     | Killed a two-headed ogre
 11581 | D:12     | Noticed a deep elf pyromancer
 11591 | D:12     | Killed a deep elf pyromancer
 11614 | D:12     | Gained mutation: When seriously injured, your blood forms
                  | thick armour. (AC +0) [demonic ancestry]
 11614 | D:12     | Reached XP level 12. HP: 62/99 MP: 16/16
 11622 | D:12     | Noticed a centaur warrior
 11638 | D:12     | Killed a centaur warrior
 11639 | D:12     | Reached skill level 11 in Fighting
 11639 | D:12     | Reached skill level 5 in Armour
 11755 | D:12     | Noticed a two-headed ogre
 11854 | D:11     | Killed a two-headed ogre
 12450 | Lair:1   | Entered Level 1 of the Lair of Beasts
 12538 | Lair:1   | Noticed a five-headed hydra
 12582 | Lair:1   | Killed a five-headed hydra
 13087 | Lair:2   | Found a hole to the Spider Nest.
 13243 | Lair:2   | Reached skill level 1 in Slings
 14441 | Lair:3   | Found a staircase to the Swamp.
 14578 | Lair:3   | Reached XP level 13. HP: 107/107 MP: 17/17
 14614 | Lair:3   | Reached skill level 12 in Fighting
 15191 | Lair:4   | Reached skill level 15 in Axes
 15421 | Lair:4   | Reached ****** piety under Lugonu
 16367 | Lair:5   | Found a gate leading to a gauntlet.
 16391 | Gauntlet | Entered a Gauntlet
 16391 | Gauntlet | Found a transporter.
 16398 | Gauntlet | Found a transporter.
 16401 | Gauntlet | Found a transporter.
 16402 | Gauntlet | Found a transporter.
 16413 | Gauntlet | Found a transporter.
 16413 | Gauntlet | Found a transporter.
 16414 | Gauntlet | Found a transporter.
 16423 | Gauntlet | Found a transporter.
 16425 | Gauntlet | Found a transporter.
 16426 | Gauntlet | Found a transporter.
 16434 | Gauntlet | Found a transporter.
 16434 | Gauntlet | Found the +8 lance "Wyrmbane" {slay drac, rPois rF+ rC+
                  | AC+3}
 16437 | Gauntlet | Found a transporter.
 16438 | Gauntlet | Found a transporter.
 16447 | Gauntlet | Found a transporter.
 16660 | Gauntlet | Identified the +0 kite shield of Fiffyver {rPois Int+3}
 16759 | Gauntlet | Identified the +0 helmet "Plog" {rN+}
 16772 | Gauntlet | Identified the ring of the Bouncing Beds {Fly rF+ rN+}
 16772 | Gauntlet | Noticed a minotaur
 16796 | Gauntlet | Killed a minotaur
 16955 | Lair:5   | Found a staircase to the Slime Pits.
 16955 | Lair:5   | Found a viscous altar of Jiyva.
 17226 | Lair:5   | Gained mutation: When seriously injured, your blood forms
                  | very thick armour. (AC +0) [demonic ancestry]
 17226 | Lair:5   | Reached XP level 14. HP: 84/116 MP: 19/19
 17693 | Lair:6   | Entered Level 6 of the Lair of Beasts
 17702 | Lair:6   | Reached skill level 13 in Fighting
 19174 | Lair:6   | Identified the ring of Polytheism {rPois rCorr Str+3}
 19696 | Orc:1    | Entered Level 1 of the Orcish Mines
 19798 | Orc:1    | Reached skill level 1 in Evocations
 20022 | Orc:1    | Identified a +2 broad axe of distortion (a +0 broad axe
                  | corrupted by Lugonu)
 20022 | Orc:1    | Received a gift from Lugonu
 20054 | Orc:2    | Entered Level 2 of the Orcish Mines
 20071 | Orc:2    | Noticed an orc warlord
 20272 | Orc:1    | Killed an orc warlord
 20380 | Orc:2    | Paralysed by an orc sorcerer for 5 turns
 20754 | Orc:2    | Found a staircase to the Elven Halls.
 20871 | Orc:2    | Reached XP level 15. HP: 100/125 MP: 21/21
 20908 | Orc:2    | Reached skill level 14 in Fighting
 21178 | Orc:2    | Found Woqisuy's General Store.
 21197 | Orc:2    | Reached skill level 10 in Armour
 21278 | Orc:2    | Found Huerr's Assorted Antiques.
 21303 | Orc:2    | Found Engung's Distillery.
 21317 | Orc:2    | Found Tuwnikh's Magic Scroll Shoppe.
 21326 | Orc:2    | Bought a scroll of identify for 24 gold pieces
 21326 | Orc:2    | Bought a scroll of identify for 24 gold pieces
 21326 | Orc:2    | Bought a scroll of identify for 24 gold pieces
 21328 | Orc:2    | Identified a scroll of acquirement
 21330 | Orc:2    | Acquired a +1 broad axe of electrocution
 22031 | D:13     | Found a radiant altar of Vehumet.
 22831 | D:14     | Found a gate to the Vaults.
 23023 | D:14     | Reached skill level 5 in Evocations
 23735 | D:15     | Entered Level 15 of the Dungeon
 23735 | D:15     | Found Zufy's Armour Emporium.
 23759 | D:15     | Found Guicyuz Koyv's Weapon Shop.
 23917 | D:14     | Reached skill level 1 in Dodging
 24152 | D:15     | Found Laaq Pim's Antique Armour Boutique.
 24169 | D:15     | Bought a pair of glowing gloves for 202 gold pieces
 24183 | D:15     | Found Eplan's Jewellery Shop.
 24196 | D:15     | Bought the ring of Elitism {rF+ Will+ Str+4 Int+3 SInv} for
                  | 734 gold pieces
 24200 | D:15     | Learned a level 1 spell: Apportation
 24203 | D:15     | Learned a level 2 spell: Corpse Rot
 24259 | D:15     | Reached skill level 5 in Slings
 24275 | D:15     | Found Cyuwoi's Jewellery Emporium.
 24355 | D:15     | Found a staircase to the Depths.
 24654 | D:15     | Found a hazy altar of Hepliaklqana.
 24943 | Spider:1 | Entered Level 1 of the Spider Nest
 25136 | Spider:1 | Reached XP level 16. HP: 134/134 MP: 16/22
 25700 | Spider:1 | Reached skill level 5 in Shields
 25860 | Spider:1 | Reached skill level 15 in Fighting
 25909 | Spider:1 | You fall into a shaft and drop 1 floor!
 26319 | Spider:2 | Noticed Asterion
 26337 | Spider:1 | Killed Asterion
 27122 | Spider:2 | Learned a level 3 spell: Portal Projectile
 27210 | Spider:2 | Noticed Arachne
 27232 | Spider:2 | Killed Arachne
 27594 | Spider:2 | Identified the +1 leather armour of Defence {+Inv Int+6}
 28954 | Spider:4 | Entered Level 4 of the Spider Nest
 29179 | Spider:4 | Noticed Donald
 29196 | Spider:4 | Killed Donald
 30004 | Spider:4 | Gained mutation: Your magical and physical power is
                  | slightly enhanced at high health. [demonic ancestry]
 30004 | Spider:4 | Reached XP level 17. HP: 137/142 MP: 17/23
 31464 | Spider:4 | Reached skill level 16 in Fighting
 31632 | Spider:4 | Got a gossamer rune of Zot
 31835 | Lair:2   | Upgraded the game from 0.28-a0-1236-gb25a51b929 to
                  | 0.28-a0-1286-g6bde065e89
 31898 | Swamp:1  | Entered Level 1 of the Swamp
 32441 | Swamp:1  | Reached skill level 10 in Shields
 32561 | Swamp:1  | You fall into a shaft and drop 1 floor!
 33519 | Swamp:2  | Identified the +6 giant spiked club "Sibocvo" {speed, rN+}
 34171 | Swamp:3  | Found a runed translucent door.
 34174 | Swamp:3  | Noticed Iveip's ghost (journeyman DDNe)
 34174 | Swamp:3  | Identified the +9 spear of Precise Incision {venom, *Slow
                  | +Blink rElec Will++}
 34464 | Swamp:3  | Gained mutation: You are mostly covered in sharp spines.
                  | [demonic ancestry]
 34464 | Swamp:3  | Reached XP level 18. HP: 126/153 MP: 16/24
 34826 | Swamp:4  | Entered Level 4 of the Swamp
 34836 | Swamp:4  | Noticed Aizul
 35837 | Swamp:4  | Killed Aizul
 35895 | Swamp:4  | Noticed Louise
 36002 | Swamp:4  | Noticed Louise
 36002 | Swamp:4  | Louise changed into Louise the water nymph
 36018 | Swamp:4  | Killed Louise the water nymph
 36125 | Swamp:4  | Noticed Nikola
 36166 | Swamp:4  | Killed Nikola
 36167 | Swamp:4  | Reached skill level 17 in Fighting
 36584 | Swamp:4  | Noticed the 27-headed Lernaean hydra
 36597 | Swamp:4  | Killed the 27-headed Lernaean hydra
 36830 | Swamp:4  | Got a decaying rune of Zot
 37319 | Depths:1 | Entered Level 1 of the Depths
 37697 | Depths:1 | Noticed a lich
 37727 | Depths:1 | Killed a lich
 37861 | Depths:1 | Found a gateway to Hell.
 39604 | Depths:2 | Gained mutation: Your touch may irresistibly damage your
                  | foes and sap their willpower. [demonic ancestry]
 39604 | Depths:2 | Reached XP level 19. HP: 161/161 MP: 16/25
 39656 | Depths:2 | Found a one-way gateway to a ziggurat.
 39891 | Depths:2 | Found Deempiw's Magic Scroll Shoppe.
 39899 | Depths:2 | Found Giyguman's Jewellery Shoppe.
 40216 | Depths:2 | Noticed a juggernaut
 40216 | Depths:2 | Noticed a golden dragon
 40256 | Depths:2 | Killed a juggernaut
 40439 | Depths:2 | Killed a golden dragon
 40897 | Depths:2 | Found a one-way gate leading to the halls of Pandemonium.
 41265 | Depths:2 | You fall into a shaft and drop 1 floor!
 41595 | Depths:3 | HP: 1/163 [spark wasp/living lightning (15)]
 41597 | Depths:3 | Noticed Xtahua
 42169 | Depths:2 | Escaped the Abyss
 42342 | Vaults:1 | Entered Level 1 of the Vaults
 42627 | Vaults:1 | Reached skill level 18 in Fighting
 43072 | Vaults:1 | Reached skill level 10 in Invocations
 43479 | Vaults:1 | Reached XP level 20. HP: 170/170 MP: 27/27
 43774 | Vaults:1 | Reached skill level 15 in Shields
 44280 | Vaults:2 | Found Naloicw's Weapon Boutique.
 44280 | Vaults:2 | Found a staircase to the Crypt.
 44940 | Vaults:2 | Found a crumbling gateway.
 44945 | Desolati | Entered the Desolation of Salt
 45045 | Desolati | Got the Catalogue of Bewitchment
 45048 | Desolati | Identified the +4 plate armour of Fun and Games {Will-
                  | Str+9 Int+5}
 45151 | Desolati | Got the Handbook of Cloudy Changing
 45557 | Desolati | Identified the +6 ring mail of Grottiness {Harm rF+}
 45587 | Desolati | Identified the ring of the Hundredfold Lives {Fire Will+}
 45607 | Desolati | Identified the ring "Rutrineng" {rPois Str+6}
 45626 | Desolati | Got the Catalogue of Cold and Shape Shifting
 45674 | Desolati | Got the Tome of Shape Shifting
 45715 | Desolati | Got the Reference Book on Attacks
 46105 | Desolati | Identified the ring "Poonnoni" {rC+ AC+4}
 46111 | Desolati | Identified the +5 longbow "Cumuegg" {flame, Will+ rCorr
                  | Dex+3}
 46330 | Vaults:2 | Upgraded the game from 0.28-a0-1286-g6bde065e89 to
                  | 0.28-a0-1312-g71652a0310
 46570 | Vaults:2 | Acquired 480 gold pieces
 46734 | Vaults:2 | Reached skill level 10 in Evocations
 46739 | Vaults:2 | Reached skill level 19 in Fighting
 47531 | Vaults:3 | Gained mutation: Your magical and physical power is
                  | enhanced at high health. [demonic ancestry]
 47531 | Vaults:3 | Reached XP level 21. HP: 140/180 MP: 30/30
 47584 | Vaults:3 | Reached skill level 10 in Slings
 47815 | Vaults:3 | Reached skill level 15 in Armour
 48531 | Vaults:3 | Learned a level 8 spell: Necromutation
 48781 | Vaults:3 | Reached skill level 1 in Necromancy
 49056 | Vaults:3 | Reached skill level 1 in Spellcasting
 49663 | Vaults:4 | Acquired the ring "Oho Otos" {rF+ rC+ rCorr Str+10 Stlth-}
 50159 | Vaults:4 | Reached skill level 1 in Transmutations
 51305 | Elf:1    | Entered Level 1 of the Elven Halls
 51439 | Elf:1    | Identified the +2 helmet of Misanthropy {Str+3}
 51816 | Elf:1    | Found Axabb's Armour Shop.
 51887 | Elf:1    | Reached skill level 20 in Fighting
 52025 | Elf:1    | Learned a level 6 spell: Statue Form
 52165 | Elf:1    | Paralysed by an air elemental for 1 turns
 52329 | Elf:1    | Identified the +3 quarterstaff of the Eternal Warrior
                  | {spect, Int+4}
 52663 | Elf:2    | Gained mutation: Your magical and physical power is greatly
                  | enhanced at high health. [demonic ancestry]
 52663 | Elf:2    | Reached XP level 22. HP: 190/190 MP: 31/31
 52665 | Elf:2    | Noticed Agnes
 52676 | Elf:2    | Killed Agnes
 52728 | Elf:2    | Reached skill level 1 in Earth Magic
 53200 | Elf:2    | Found a runed translucent gate.
 53202 | Elf:2    | Found a runed translucent gate.
 53202 | Elf:2    | Found a runed translucent gate.
 54254 | Elf:3    | Entered Level 3 of the Elven Halls
 54269 | Elf:3    | Paralysed by an air elemental for 1 turns
 55159 | Elf:3    | Identified the +9 short sword "Rulekkoq" {venom, Drain
                  | rElec rN++ Int+4}
 55254 | Elf:3    | Reached skill level 5 in Spellcasting
 55428 | Elf:3    | Identified the +7 chain mail "Ziarucad" {rCorr Int+4}
 55523 | Elf:3    | Reached skill level 5 in Transmutations
 55640 | Elf:3    | Identified the +1 robe of Widal {Rampage Drain rC++ rCorr}
 55660 | Elf:3    | Got Paxefosk's Grimoire of the Poisonous Glacier
 55665 | Elf:3    | Identified the +8 hand axe "Goblinslayer" {chaos, rElec}
 55666 | Elf:3    | Identified the +2 cloak "Coluh" {+Inv rC+ Regen+ Dex-5}
 55669 | Elf:3    | Identified the amulet of Lugonu's Condemnation {RegenMP
                  | Int+6}
 55700 | Elf:3    | Found the +3 hat of Pondering {ponderous, Will+ MP+10
                  | Int+5}
 55713 | Elf:3    | Identified the +4 fustibalus "Odizxa" {freeze, rC+}
 55755 | Elf:3    | Identified the +6 hand axe of the Big Bang {flame, Int+3}
 56316 | Depths:3 | Reached skill level 5 in Earth Magic
 56718 | Depths:2 | Killed Xtahua
 56905 | Depths:3 | Found Qeakiobe's Book Shop.
 56905 | Depths:3 | Found Liaddoit's Jewellery Emporium.
 56909 | Depths:3 | Found Erpher's Book Shop.
 56918 | Depths:3 | Bought the Tome of the Compass and Dark Secrets for 308
                  | gold pieces
 56924 | Depths:3 | Learned a level 5 spell: Borgnjor's Vile Clutch
 57304 | Elf:1    | Bought +2 ice dragon scales for 1008 gold pieces
 57526 | Depths:4 | Entered Level 4 of the Depths
 57606 | Depths:4 | Reached XP level 23. HP: 198/198 MP: 32/32
 57803 | Depths:4 | Found a gate to the Realm of Zot.
 58087 | Depths:4 | Noticed Jory
 58107 | Depths:4 | Killed Jory
 58465 | Depths:4 | Noticed a caustic shrike
 58466 | Depths:4 | Noticed a caustic shrike
 58477 | Depths:4 | Noticed a caustic shrike
 58478 | Depths:4 | Killed a caustic shrike
 58482 | Depths:4 | Killed a caustic shrike
 58495 | Depths:4 | Killed a caustic shrike
 58739 | Abyss:1  | Learned a level 2 spell: Wereblood
 59225 | Abyss:1  | Paralysed by accursed screaming for 1 turns
 59728 | Abyss:1  | Found a corrupted altar of Lugonu.
 59784 | Abyss:3  | Got an abyssal rune of Zot
 59891 | D:15     | Escaped the Abyss
 60000 | Zot:1    | Entered Level 1 of the Realm of Zot
 60079 | Zot:1    | Identified the +9 hand crossbow of Doubt {vorpal, rC+ rCorr
                  | Str+3}
 60104 | Zot:1    | Reached skill level 21 in Fighting
 60440 | Zot:1    | Identified the +7 scimitar of Wifitt {vorpal, rC- Str+7
                  | Int+3 Dex+2}
 60856 | Zot:2    | Reached XP level 24. HP: 208/208 MP: 33/33
 61258 | Zot:2    | Found a runed translucent door.
 61258 | Zot:2    | Noticed Pecymuun's ghost (legendary DrCj)
 62782 | Zot:3    | Identified the amulet "Tyff" {Faith rCorr}
 63092 | Zot:3    | Identified the +8 hand axe of Hell's Wrath {protect, *Noise
                  | Int+7}
 63292 | Zot:4    | Noticed a Killer Klown
 63302 | Zot:4    | Killed a Killer Klown
 63448 | Zot:4    | Identified the +3 kite shield "Lonemm" {rPois rC+}
 63460 | Zot:4    | Reached skill level 10 in Transmutations
 64014 | Zot:4    | Reached skill level 10 in Earth Magic
 64853 | Vaults:5 | Entered Level 5 of the Vaults
 64871 | Vaults:5 | Noticed a dread lich
 64932 | Vaults:5 | Identified the +1 scale mail of the Ward {Harm rCorr Dex+2
                  | Stlth+} (You found it on level 5 of the Vaults)
 64933 | Vaults:5 | Got a silver rune of Zot
 65203 | Vaults:5 | Noticed an ancient lich
 65220 | Vaults:5 | Killed an ancient lich
 65273 | Vaults:5 | Reached XP level 25. HP: 215/215 MP: 35/35
 65286 | Vaults:5 | Identified the ring of Qazywar {rC++ Will- Int+6 Dex+7}
 65740 | Vaults:5 | Identified the +2 ring mail of the Endless Expanse {Str+5}
 65900 | Vaults:5 | Identified the +1 robe of Gehenna {rPois Str+4 Stlth-}
 65920 | Vaults:5 | Killed a dread lich
 65925 | Vaults:5 | Paralysed by a sphinx for 3 turns
 65959 | Vaults:5 | Noticed an ancient lich
 65976 | Vaults:5 | Killed an ancient lich
 66978 | Slime:1  | Entered Level 1 of the Pits of Slime
 67972 | Slime:3  | Reached skill level 5 in Necromancy
 68514 | Slime:5  | Entered Level 5 of the Pits of Slime
 68770 | Slime:5  | Reached skill level 22 in Fighting
 68782 | Slime:5  | Paralysed by a great orb of eyes for 5 turns
 68798 | Slime:5  | Noticed the Royal Jelly
 68806 | Slime:5  | Killed the Royal Jelly
 68940 | Slime:5  | Identified the +5 great sword of Regicide {venom, Dex+2}
 68962 | Slime:5  | Identified the ring of Salvation {rC- rN+ EV+4 Str+3}
 68974 | Slime:5  | Identified the +1 scale mail "Ikhlias" {Contam Harm rC++
                  | Slay-6}
 69012 | Slime:5  | Got the Incunabulum of the Boiling Point
 69014 | Slime:5  | Got a slimy rune of Zot
 69032 | Slime:5  | Learned a level 2 spell: Passwall
 69035 | Slime:5  | Learned a level 2 spell: Sublimation of Blood
 69040 | Slime:5  | Learned a level 4 spell: Petrify
 70241 | Swamp:3  | Killed Iveip's ghost
 70659 | Orc:2    | Bought a potion of heal wounds for 85 gold pieces
 70659 | Orc:2    | Bought a potion of mutation for 136 gold pieces
 70659 | Orc:2    | Bought a potion of berserk rage for 85 gold pieces
 70659 | Orc:2    | Bought 2 potions of curing for 102 gold pieces
 70664 | Orc:2    | Bought a scroll of teleportation for 36 gold pieces
 70669 | Orc:2    | Bought a potion of curing for 51 gold pieces
 70669 | Orc:2    | Bought a potion of curing for 51 gold pieces
 70675 | Orc:2    | Bought 5 silver javelins for 204 gold pieces
 70680 | Orc:2    | Bought a potion of haste for 250 gold pieces
 70680 | Orc:2    | Bought a potion of curing for 75 gold pieces
 70774 | Elf:1    | Bought the +10 tower shield of Ignorance {rN+ Int-4} for
                  | 802 gold pieces
 70774 | Elf:1    | Found the +10 tower shield of Ignorance {rN+ Int-4}
 70976 | Crypt:1  | Entered Level 1 of the Crypt
 70991 | Crypt:1  | Gained mutation: You are completely covered in sharp
                  | spines. [demonic ancestry]
 70991 | Crypt:1  | Reached XP level 26. HP: 209/224 MP: 36/36
 71263 | Crypt:1  | Reached skill level 10 in Spellcasting
 71745 | Crypt:1  | Learned a level 5 spell: Manifold Assault
 71835 | Crypt:2  | Noticed Margery
 71854 | Crypt:2  | Reached skill level 1 in Unarmed Combat
 71943 | Crypt:2  | Identified the +7 scimitar of Vefaferi {venom, Fly rF- rN++
                  | Dex+3}
 72102 | Crypt:2  | Reached skill level 1 in Throwing
 72573 | Crypt:3  | Entered Level 3 of the Crypt
 72573 | Crypt:3  | Noticed Saint Roka
 72582 | Crypt:3  | Killed Saint Roka
 72985 | Crypt:3  | Reached skill level 5 in Unarmed Combat
 73221 | Crypt:3  | Identified the +8 quick blade of the Ageless Lies {vorpal,
                  | Int+2}
 73356 | Crypt:3  | Found a staircase to the Tomb.
 73593 | Crypt:3  | Identified the +1 chain mail of Hiheimir {Harm rCorr Str+5
                  | Dex-2}
 73687 | Crypt:3  | Noticed Boris
 73706 | Crypt:3  | Killed Boris
 73847 | Crypt:3  | Noticed an ancient lich
 73860 | Crypt:3  | Killed an ancient lich
 74018 | Crypt:3  | Found an ancient bone altar of Kikubaaqudgha.
 74073 | Crypt:3  | Got the Catalogue of Darkness
 74078 | Crypt:3  | Identified the +8 shortbow "Hellblazer" {flame, Fragile
                  | Will++ Str+6}
 74086 | Crypt:3  | Noticed a dread lich
 74097 | Crypt:3  | Killed a dread lich
 74111 | Crypt:3  | Upgraded the game from 0.28-a0-1312-g71652a0310 to
                  | 0.28-a0-1339-ga5422284a4
 74293 | Crypt:2  | Found a basalt altar of Yredelemnul.
 74416 | Crypt:2  | Killed Margery
 74668 | Hell     | Entered the Vestibule of Hell
 74668 | Hell     | Noticed Geryon
 74847 | Hell     | Noticed Murray
 74912 | Depths:1 | Killed Murray
 75123 | Depths:1 | HP: 22/440 [iron golem (31)]
 75654 | Hell     | Killed Geryon
 75699 | Hell     | Found a gateway to the ashen valley of Gehenna.
 75782 | Hell     | Found a gateway to the Iron City of Dis.
 75843 | Hell     | Found a gateway to the freezing wastes of Cocytus.
 76014 | Hell     | Found a gateway to the decaying netherworld of Tartarus.
 76198 | Pan      | Entered Pandemonium
 76322 | Pan      | Noticed Iquoxere the pandemonium lord
 76341 | Pan      | Killed Iquoxere the pandemonium lord
 76420 | Pan      | Gained mutation: A meltable icy envelope protects you from
                  | harm. (AC +0) [demonic ancestry]
 76420 | Pan      | Reached XP level 27. HP: 233/233 MP: 37/37
 76516 | Pan      | Reached skill level 10 in Unarmed Combat
 77188 | Pan      | Noticed Zuythruz the pandemonium lord
 77310 | Pan      | Reached skill level 5 in Throwing
 77515 | Pan      | Killed Zuythruz the pandemonium lord
 77734 | Pan      | Noticed Mennas
 77753 | Pan      | Killed Mennas
 77944 | Pan      | Gained mutation: Your body sometimes deteriorates upon
                  | taking damage. [a neqoxec]
 78707 | Pan      | Noticed Tujoyho the pandemonium lord
 78719 | Pan      | Killed Tujoyho the pandemonium lord
 78720 | Pan      | Reached skill level 15 in Transmutations
 78923 | Pan      | Identified the +6 hand axe of Suse {freeze, rF+ Str+4}
 78932 | Pan      | Found a runed translucent door.
 78946 | Pan      | Got a demonic rune of Zot
 79757 | Pan      | Found an exit through the horrors of the Abyss.
 80096 | Pan      | Reached skill level 10 in Necromancy
 80538 | Pan      | Noticed Jiyl Gimeur the pandemonium lord
 80548 | Pan      | Killed Jiyl Gimeur the pandemonium lord
 81006 | Pan      | Found an exit through the horrors of the Abyss.
 81014 | Pan      | Identified the +10 arbalest of Fuwih {elec, Str+8}
 81042 | Pan      | Found a runed translucent door.
 81048 | Pan      | Found a runed translucent door.
 81051 | Pan      | Found a runed translucent door.
 81061 | Pan      | Found a runed translucent door.
 81438 | Pan      | Noticed Qurchephamef the pandemonium lord
 81445 | Pan      | Killed Qurchephamef the pandemonium lord
 81457 | Pan      | Identified the +1 glaive "Waloaseg" {vorpal, rCorr}
 81549 | Pan      | Noticed Qavuc the pandemonium lord
 81558 | Pan      | Killed Qavuc the pandemonium lord
 81723 | Pan      | Gained mutation: You are frail. (-10% HP) [a cacodemon]
 81981 | Pan      | Found an exit through the horrors of the Abyss.
 82716 | Pan      | Noticed Fimi the pandemonium lord
 82758 | Pan      | Killed Fimi the pandemonium lord
 83227 | Pan      | Reached skill level 23 in Fighting
 83646 | Pan      | Entered the realm of Mnoleg.
 83659 | Pan      | Reached skill level 15 in Earth Magic
 83801 | Pan      | Gained mutation: You are weak. (Str -2) [a neqoxec]
 83842 | Pan      | Gained mutation: Your spells are a little easier to cast,
                  | but a little less powerful. [a neqoxec]
 83886 | Pan      | Noticed Mnoleg
 83887 | Pan      | Gained mutation: You are dopey. (Int -2) [a cacodemon]
 83896 | Pan      | Gained mutation: Potions are less effective at restoring
                  | your health. [a cacodemon]
 83899 | Pan      | Gained mutation: You are very weak. (Str -4) [a cacodemon]
 83901 | Pan      | Killed Mnoleg
 83906 | Pan      | Gained mutation: You occasionally shout uncontrollably at
                  | your foes. [a neqoxec]
 83909 | Pan      | Gained mutation: Armour fits poorly on your strangely
                  | shaped body. [a neqoxec]
 83910 | Pan      | Gained mutation: You are very frail. (-20% HP) [a neqoxec]
 83925 | Pan      | Lost mutation: Your body sometimes deteriorates upon taking
                  | damage. [potion of mutation]
 83925 | Pan      | Lost mutation: Armour fits poorly on your strangely shaped
                  | body. [potion of mutation]
 83925 | Pan      | Lost mutation: Your spells are a little easier to cast, but
                  | a little less powerful. [potion of mutation]
 83925 | Pan      | Gained mutation: Your system is resistant to poisons.
                  | (rPois) [potion of mutation]
 83925 | Pan      | Gained mutation: Your flesh is heat resistant. (rF+)
                  | [potion of mutation]
 83926 | Pan      | Lost mutation: You are very frail. (-20% HP) [potion of
                  | mutation]
 83926 | Pan      | Lost mutation: You are dopey. (Int -2) [potion of mutation]
 83926 | Pan      | Lost mutation: Potions are less effective at restoring your
                  | health. [potion of mutation]
 83926 | Pan      | Gained mutation: You are strong-willed. (Will+) [potion of
                  | mutation]
 83926 | Pan      | Gained mutation: Your movements are slightly less
                  | encumbered by armour. (ER -2) [potion of mutation]
 83982 | Pan      | Got a glowing rune of Zot
 84058 | Pan      | Gained mutation: You are clumsy. (Dex -2) [a cacodemon]
 84907 | Pan      | Noticed Xexaithru the pandemonium lord
 84927 | Pan      | Killed Xexaithru the pandemonium lord
 85686 | Pan      | Noticed Wiur the pandemonium lord
 85699 | Pan      | Killed Wiur the pandemonium lord
 85887 | Pan      | Gained mutation: You tend to lose your temper in combat. [a
                  | cacodemon]
 85933 | Pan      | Lost mutation: You are strong-willed. (Will+) [potion of
                  | mutation]
 85933 | Pan      | Lost mutation: You are frail. (-10% HP) [potion of
                  | mutation]
 85933 | Pan      | Lost mutation: You occasionally shout uncontrollably at
                  | your foes. [potion of mutation]
 85933 | Pan      | Gained mutation: You have a pair of small horns on your
                  | head. [potion of mutation]
 85934 | Pan      | Lost mutation: Your flesh is heat resistant. (rF+) [potion
                  | of mutation]
 85934 | Pan      | Lost mutation: You are clumsy. (Dex -2) [potion of
                  | mutation]
 85934 | Pan      | Lost mutation: You have a pair of small horns on your head.
                  | [potion of mutation]
 85934 | Pan      | Gained mutation: You are agile. (Dex +2) [potion of
                  | mutation]
 85934 | Pan      | Gained mutation: You expend magic power (3 MP) to
                  | strengthen your wands. [potion of mutation]
 85934 | Pan      | Gained mutation: You have large cloven feet. [potion of
                  | mutation]
 86007 | Pan      | Lost mutation: You are agile. (Dex +2) [potion of mutation]
 86007 | Pan      | Lost mutation: You are very weak. (Str -4) [potion of
                  | mutation]
 86007 | Pan      | Lost mutation: You are weak. (Str -2) [potion of mutation]
 86007 | Pan      | Gained mutation: Your spells are a little easier to cast,
                  | but a little less powerful. [potion of mutation]
 86035 | Pan      | Entered the realm of Cerebov.
 86344 | Pan      | Found the +6 sword of Cerebov {flame}
 86344 | Pan      | Noticed Cerebov
 86368 | Pan      | Annihilated by Cerebov

Illustrated notes

Levels and vault maps discovered:
D:1:      minmay_arrival_four_circles, layout_loops_ring,
          dreamdust_ecumenical_altar_statues, minivault_19, minmay_nonomino_d4
D:2:      layout_rooms, uniq_jessica
D:3:      layout_basic
D:4:      layout_basic, zin_purify, uniq_blork_the_orc, uniq_natasha,
          uniq_sigmund
D:5:      layout_rooms
D:6:      layout_gridville, minmay_temple_entry_slanted, uniq_pikel
D:7:      layout_rooms, trog_three_pillars_becter
D:8:      layout_basic, uniq_joseph
D:9:      layout_cave_pools, chequers_temple_overflow_minitemple
D:10:     layout_irregular_city, lemuel_doored_altar, serial_shops,
          kennysheep_mini_moat, lemuel_flamethrower_1, uniq_maurice
D:11:     layout_grid_maze, minmay_lair_entry_grove,
          minmay_orc_entry_temple_small, serial_shops, shop,
          amcnicky_mini_corridor_feature, nrook_mini_backslash, minivault_4
D:12:     layout_gridville
D:13:     layout_basic, chequers_serial_rivers_room_b, nicolae_vehumet_radiance
D:14:     layout_gridville, david_vaults_2, minmay_misc_feat_four_crosses
D:15:     hangedman_depths_entry_civil_slaughter, layout_cross, serial_shops,
          nicolae_shop_hallway_stairs, nicolae_square_shop, nicolae_shop_trees,
          nicolae_shop_statue_plus, nicolae_shop_competitors_out_of_business,
          old_standard_altar
Lair:1:   layout_hall_layers, grunt_megastairs_5
Lair:2:   layout_chaotic_city, dummy_spider_entry, beast_lair_carwin_4
Lair:3:   layout_cave_pods, minmay_swamp_entry_swarm, st_stairs_3,
          fungi_pond_lemuel
Lair:4:   layout_cave_pods, dpeg_oklob_1
Lair:5:   layout_gridlike, slime_altar_1, gauntlet_entry_generic
Lair:6:   grunt_lair_end_beastmaster, layout_gridlike,
          grunt_forest_large_clearings
Swamp:1:  layout_basic_swamp, infiniplex_staircase_pool
Swamp:2:  layout_falls_marsh, evilmike_swamp_ruin_house_4
Swamp:3:  layout_basic_swamp, ebering_ghost_funeral_grove, serial_swamp_ruin,
          hangedman_swamp_ruin_wall, evilmike_swamp_ruin_house_2,
          evilmike_swamp_ruin_rubble_2, swamp_pool2
Swamp:4:  swamp_old_school, layout_basic_swamp, swamp_pool5,
          nicolae_swamp_bloodsuckers_inc, uniq_aizul, uniq_nikola, uniq_louise
Spider:1: layout_spider_delve
Spider:2: layout_spider_delve, uniq_arachne, uniq_asterion
Spider:3: layout_spider_delve
Spider:4: floodkiller_spider_rune_tomb, nicolae_spider_some_kinda_spiderbox,
          uniq_donald
Slime:1:  layout_caves, nicolae_slime_phagocytosis
Slime:2:  layout_caves
Slime:3:  layout_caves
Slime:4:  layout_caves
Slime:5
Orc:1:    layout_caves, nicolae_orc_lost_temple
Orc:2:    st_orc_open, layout_caves
Elf:1:    eino_elf_arrival_sip, layout_geoelf_octagon, serial_shops,
          nicolae_diamond_shop, hangedman_elf_disciples
Elf:2:    nicolae_elf_blades_crystal_corner, layout_loops_cross, uniq_agnes
Elf:3:    minmay_elf_hall, layout_loops_cross, ebering_dispersal_statue_hall,
          st_stairs_4
Vaults:1: v_misc_23, vaults_mumra_minichess_inversion, v_misc_16,
          hangedman_vaults_corner_blocks, v_misc_30, ontoclasm_vaults_twist,
          ontoclasm_vaults_decontamination, hangedman_vaults_locks,
          v_alt_pattern_6, v_pattern_1, layout_vaults_big_room
Vaults:2: portal_desolation_entry_nicolae_forbidding_blocks,
          ontoclasm_vaults_ring_large, nicolae_vaults_sealed_display,
          nicolae_vaults_shelves_hall, v_alt_pattern_1, v_pattern_3,
          nicolae_vaults_specimen_jars, nicolae_vaults_network_star,
          vaults_dpeg_encased_lava, layout_vaults_omnicross, dummy_crypt_entry,
          serial_shops, shop
Vaults:3: nicolae_vaults_little_ls, vaults_mumra_hexcomb, st_more_cells,
          ontoclasm_vaults_ring_large, v_rooms_5, vaults_dpeg_cross,
          v_alt_pattern_2, v_misc_28, v_misc_29, vaults_dpeg_ring,
          nicolae_vaults_three_branches, vaults_mumra_chevron_long,
          layout_vaults_ring
Vaults:4: nicolae_vaults_hallways_thing, v_alt_pattern_3, ontoclasm_vaults_spin,
          nicolae_vaults_little_squares_6, vaults_room_corners,
          ontoclasm_vaults_pinch, vaults_room_stairs_pillars,
          ontoclasm_vaults_chip, layout_vaults_omnigrid
Vaults:5: serial_shops
Crypt:1:  layout_regular_city
Crypt:2:  layout_chaotic_city, lemuel_upstairs_altar, uniq_margery
Crypt:3:  quadcrypt_mu, uniq_saint_roka, uniq_boris
Depths:1: layout_roguey, lightli_too_deep, st_stairs_4, minivault_16,
          wheals_unrand_guarded_autumn_katana, grunt_megastairs_2
Depths:2: minmay_the_grid_triangle_9x9_rhombus_thin
          [minmay_the_grid_triangle_9x9_swiss_cheese,
          minmay_the_grid_triangle_9x9_prize_top_heavy,
          minmay_the_grid_triangle_9x9_windchime,
          minmay_the_grid_triangle_9x9_cache], layout_long_grid,
          enter_ziggurat_b, grunt_pan_entry_spiral, hell_entry,
          minmay_shop_star, minmay_staircase_statues, serial_bayou_shore_a
Depths:3: onia_ninara_swampy_vault, layout_twisted_cross, hell_entry,
          abyss_entry, nicolae_two_hexagons, minmay_fractal_squares_diagonal_5,
          minmay_shop_grove, uniq_xtahua
Depths:4: grunt_zot_entry_tricorne, layout_gridlike, minmay_curled_crystal,
          pf_coc_iceberg, grunt_megastairs_1, uniq_jory
Hell
Zot:1:    layout_onion_interference, st_single_dragon_hoard_4
Zot:2:    layout_gridlike, hellmonk_ghost_happy_afterlife, grunt_ministairs_6
Zot:3:    layout_basic
Zot:4:    layout_cathedral_of_symmetry, drop_trap, st_stairs_9
Pan:      nicolae_pan_double_arrow, layout_basic, rand_demon_6,
          layout_gridville, uniq_mennas_pan, regret_index_pan_draining_boxed,
          layout_stronghold, evilmike_mini_pan_pillars_b, layout_stronghold,
          pan_blood_fountain_2, nicolae_pan_sigil_obb, rand_demon_7,
          layout_grid_shapes, evilmike_mini_pan_doors_b, layout_rooms,
          nicolae_pan_cerebovesque_1, pan_surprise, lemuel_hall_of_pain,
          layout_pan_divisions_a [pan_division_quadrant_a5,
          pan_division_quadrant_a5, pan_division_quadrant_a4,
          pan_division_quadrant_a3, pan_division_octagon_halves],
          pan_blood_fountain_2, mnoleg_st, layout_small_grid,
          nicolae_pan_hourglass, layout_chambers, pan_blood_fountain_small,
          pan_blood_fountain, evilmike_mini_pan_rooms, layout_basic,
          pan_blood_fountain, cerebov_st, layout_pan_divisions_b
          [pan_division_quadrant_b4, pan_division_quadrant_b3,
          pan_division_quadrant_b1, pan_division_quadrant_b2]

Skill      XL: |  1  2  3  4  5  6  7  8  9 10 11 12 13 14 15 16 17 18 19 20 21 22 23 24 25 26 27 |
---------------+----------------------------------------------------------------------------------+-----
Axes           | 2 3 4 5 7 8 10 11 13 14 16 17 18 | 18.4
Invocations    | 3 5 6 7 8 10 12 13 | 13.0
Fighting       | 4 5 6 7 8 9 10 11 12 13 14 15 16 17 18 19 20 21 22 23 | 23.4
Shields        | 3 4 8 11 13 14 15 | 15.4
Armour         | 3 4 6 8 9 10 11 12 13 14 15 16 17 18 19 | 19.3
Slings         | 3 4 5 7 8 9 11 12 13 14 | 14.0
Evocations     | 2 6 7 10 11 12 13 | 13.0
Dodging        | 2 4 |  4.0
Necromancy     | 3 6 8 13 | 13.2
Spellcasting   | 3 5 7 8 9 10 11 | 11.9
Transmutations | 2 6 8 11 12 14 16 | 16.7
Earth Magic    | 5 8 11 12 13 15 | 15.7
Unarmed Combat | 9 14 | 14.4
Throwing       | 4 9 |  9.1

Action                   |  1- 3 |  4- 6 |  7- 9 | 10-12 | 13-15 | 16-18 | 19-21 | 22-24 | 25-27 || total
-------------------------+-------+-------+-------+-------+-------+-------+-------+-------+-------++-------
Melee: Hand axe          |   106 |   115 |    80 |       |       |       |       |     9 |       ||   310
       Touch             |       |    24 |    14 |       |       |       |       |       |       ||    38
       Whip              |       |     6 |       |       |       |       |       |       |       ||     6
       War axe           |       |       |   244 |   595 |       |       |       |       |       ||   839
       Broad axe         |       |       |       |    51 |  1064 |  1505 |  1587 |  1059 |  2049 ||  7315
       Lance             |       |       |       |       |   170 |   111 |    93 |   303 |    39 ||   716
       Hunting sling     |       |       |       |       |       |     1 |       |       |       ||     1
       Fustibalus        |       |       |       |       |       |       |       |       |     2 ||     2
       Kick              |       |       |       |       |       |       |       |       |    17 ||    17
       Unarmed           |       |       |       |       |       |       |       |       |     4 ||     4
 Fire: Hunting sling     |    19 |    34 |    58 |    94 |   103 |   200 |    62 |    55 |       ||   625
       Fustibalus        |       |       |       |       |       |       |       |   396 |  1099 ||  1495
Throw: Dart              |     6 |    22 |    39 |   129 |    36 |    15 |    13 |     1 |       ||   261
       Stone             |       |       |     1 |       |       |       |       |       |       ||     1
       Javelin           |       |       |       |       |       |       |       |     1 |    54 ||    55
 Cast: Wereblood         |       |       |       |       |       |       |       |    10 |    22 ||    32
       Apportation       |       |       |       |       |       |       |       |     1 |       ||     1
       Statue Form       |       |       |       |       |       |       |       |       |    41 ||    41
       Borgnjor's Vile C |       |       |       |       |       |       |       |       |     2 ||     2
Invok: Bend Space        |     6 |     6 |     7 |    41 |    20 |     5 |     8 |     7 |     1 ||   101
       Brand Weapon With |       |       |       |       |     1 |       |       |       |       ||     1
       Enter the Abyss   |       |       |       |       |       |       |     1 |     1 |       ||     2
       Depart the Abyss  |       |       |       |       |       |       |     1 |       |       ||     1
 Abil: End Transformatio |       |       |       |       |       |       |       |       |     1 ||     1
Evoke: Wand              |       |       |    10 |    15 |     9 |    20 |    28 |    10 |    13 ||   105
       Phial of floods   |       |       |       |     1 |     1 |     2 |     1 |       |       ||     5
       Lightning rod     |       |       |       |       |     1 |       |     1 |     1 |     7 ||    10
       Condenser vane    |       |       |       |       |       |       |     2 |     1 |     7 ||    10
       Tin of tremorston |       |       |       |       |       |       |     1 |     2 |     1 ||     4
       Box of beasts     |       |       |       |       |       |       |       |     1 |     2 ||     3
       Phantom mirror    |       |       |       |       |       |       |       |       |     4 ||     4
  Use: Scroll            |       |       |     8 |     7 |    15 |    10 |     9 |    13 |    10 ||    72
       Potion            |       |       |     2 |       |     3 |    10 |     7 |     5 |    15 ||    42
 Stab: Paralysed         |       |       |     5 |       |       |       |    12 |       |       ||    17
       Invisible         |       |       |     1 |       |       |       |       |       |     2 ||     3
       Petrified         |       |       |       |       |    19 |       |       |       |       ||    19
       Distracted        |       |       |       |       |       |       |     1 |     1 |       ||     2
Armor: Leather armour    |    10 |       |       |       |       |       |       |       |       ||    10
       Ring mail         |    31 |    50 |    65 |   226 |   313 |       |       |       |       ||   685
       Plate armour      |       |       |       |       |   263 |   254 |       |       |       ||   517
       Chain mail        |       |       |       |       |       |   754 |   481 |   125 |       ||  1360
       Ice dragon scales |       |       |       |       |       |       |       |   452 |   612 ||  1064
       Skin              |       |       |       |       |       |       |       |       |   423 ||   423
Dodge: Dodged            |    58 |    79 |   121 |   198 |   339 |   454 |   309 |   317 |   593 ||  2468
Block: Other             |    13 |    24 |    11 |       |       |       |       |       |       ||    48
       Buckler           |       |       |   114 |   211 |   449 |   419 |       |       |       ||  1193
       Kite shield       |       |       |       |       |       |   451 |   882 |   675 |  1272 ||  3280

Table legend: (Time is in decaauts)
 A = Elapsed time spent in this place.
 B = Non-inter-level travel time spent in this place.
 C = Inter-level travel time spent in this place.
 D = Time resting spent in this place.
 E = Time spent auto-exploring this place.
 F = Levels seen in this place.
 G = Mean time per level.
                   A        B        C        D        E       F      G
               +--------+--------+--------+--------+--------+-----+--------+
         Total |  84591 |  77197 |   7394 |  10127 |  30474 |  74 | 1143.1 |
       Dungeon |  16769 |  14699 |   2070 |   1869 |   7251 |  15 | 1117.9 |
          Lair |   7564 |   5982 |   1582 |    472 |   2550 |   6 | 1260.7 |
         Swamp |   5386 |   5053 |    333 |    362 |   3467 |   4 | 1346.5 |
   Spider Nest |   6725 |   6478 |    247 |   1067 |   3399 |   4 | 1681.2 |
    Slime Pits |   2326 |   2134 |    192 |    147 |    739 |   5 |  465.2 |
  Orcish Mines |   2198 |   1837 |    361 |    300 |    780 |   2 | 1099.0 |
   Elven Halls |   4828 |   4411 |    417 |    882 |   1262 |   3 | 1609.3 |
        Vaults |   9156 |   8458 |    698 |   1648 |   2725 |   5 | 1831.2 |
         Crypt |   3376 |   3029 |    347 |     83 |   1143 |   3 | 1125.3 |
        Depths |   8002 |   7003 |    999 |   1992 |   2126 |   4 | 2000.5 |
          Hell |    638 |    618 |     20 |     13 |    268 |   1 |  638.0 |
           Zot |   4255 |   4130 |    125 |    457 |   2445 |   4 | 1063.8 |
         Abyss |   1578 |   1578 |      0 |     46 |    209 |   5 |  315.6 |
   Pandemonium |  10091 |  10091 |      0 |    512 |   1825 |  11 |  917.4 |
    Desolation |   1273 |   1273 |      0 |    209 |    281 |   1 | 1273.0 |
      Gauntlet |    418 |    418 |      0 |     63 |      0 |   1 |  418.0 |
               +--------+--------+--------+--------+--------+-----+--------+

Top non-repeatable levels by time:
Depths:1: 3374 daAuts
Spider:4: 2623 daAuts
Vaults:1: 2321 daAuts
Depths:2: 2239 daAuts
     D:3: 2015 daAuts
 Swamp:4: 2009 daAuts
Vaults:3: 1910 daAuts
   Elf:3: 1732 daAuts
Vaults:4: 1722 daAuts
Spider:2: 1690 daAuts
 Crypt:3: 1651 daAuts
Vaults:2: 1613 daAuts
    D:11: 1609 daAuts
Vaults:5: 1588 daAuts
   Elf:2: 1570 daAuts
